 Dungeon Crawl Stone Soup version 0.31-a0-940-gdaa99269f9 (webtiles) character file.

Game seed: 6423733007215788040

1560 sammy202020 the Trooper (level 8, -9/53 HPs)
             Began as a Gargoyle Berserker on Oct 21, 2023.
             Was a Believer of Trog.
             Mangled by a two-headed ogre
             ... wielding a +0 giant club
              (12 damage)
             ... on level 6 of the Dungeon.
             The game lasted 00:09:57 (5131 turns).

sammy202020 the Trooper (Gargoyle Berserker)        Turns: 5131, Time: 00:09:58

Health: -9/53      AC: 18    Str: 21    XL:     8   Next: 89%
Magic:  8/8        EV:  8    Int: 10    God:    Trog [**....]
Gold:   205        SH:  4    Dex:  9    Spells: 7/7 levels left

rFire   . . .        a - +2 flail (protect)
rCold   . . .        u - +0 buckler
rNeg    + + .        b - +0 chain mail
rPois   ∞            (no helmet)
rElec   +            (no cloak)
rCorr   .            q - +1 pair of gloves
SInv    .            (no boots)
Will    .....        h - amulet of regeneration
Stlth   x              - ring of positive energy
HPRegen 1.08/turn    (no ring)
MPRegen 0.11/turn

%: no passive effects
@: studying Short Blades
A: sickness immunity, AC +5, negative energy resistance 1, electricity
resistance, torment resistance 1, petrification resistance
a: Renounce Religion, Berserk, Trog's Hand


You were on level 6 of the Dungeon.
You worshipped Trog.
Trog was pleased with you.
You visited 1 branch of the dungeon, and saw 6 of its levels.
You also visited: Ossuary.

You collected 205 gold pieces.

Inventory:

Hand Weapons
 a - a +2 flail of protection (weapon)
 j - a +0 war axe
 o - a +3 heavy morningstar
 y - the +6 short sword of the Boar {speed, rPois rCorr MP+9 Dex+5}
   (You found it on level 6 of the Dungeon)

   Dex+5:     It affects your dexterity (+5).
   rPois:     It protects you from poison MP+9: It affects your magic capacity
   (+9).
   rCorr:     It protects you from acid and corrosion.
Missiles
 l - 23 poisoned darts
Armour
 b - a +0 chain mail (worn)
 e - a +0 tower shield
 q - a +1 pair of gloves (worn)
 u - a +0 buckler (worn)
Jewellery
 h - an amulet of regeneration (around neck)
 x - a ring of positive energy (left hand)
Wands
 p - a wand of flame (34)
 r - a wand of digging (3)
Scrolls
 k - a scroll of poison
 w - a scroll of silence
 A - 2 scrolls of immolation
 B - a scroll of identify {unknown}
Potions
 c - a potion of invisibility
 d - 3 potions of lignification {unknown}
 f - 2 potions of haste {unknown}
 g - a potion of brilliance {unknown}
 i - a potion of mutation {unknown}
 m - 2 potions of magic {unknown}
 n - a potion of cancellation {unknown}
 s - a potion of might {unknown}
 t - 3 potions of attraction {unknown}
 v - 2 potions of heal wounds {unknown}
 z - 2 potions of degeneration {unknown}


   Skills:
 * Level 7.0 Fighting
 * Level 6.3 Maces & Flails
 * Level 6.4 Armour
 + Level 2.3 Dodging
 * Level 4.2 Shields


You had 7 spell levels left.
You didn't know any spells.
Your spell library was empty.

Dungeon Overview and Level Annotations

Branches:
Dungeon (6/15)             Temple (0/1) D:4         Ossuary (visited)

Altars:


Innate Abilities, Weirdness & Mutations

You are immune to sickness and miasma.
Your stone body is resilient. (AC +5)
You are immune to poison.
You resist negative energy. (rN+)
You are resistant to electric shocks. (rElec)
You are resistant to unholy torment.
You are immune to petrification.


Message History

You thump the two-headed ogre!
The two-headed ogre is lightly wounded.
The two-headed ogre hits you with a +0 giant club.
The two-headed ogre hits you with a +0 giant spiked club!!
You sock the two-headed ogre!
The two-headed ogre is moderately wounded.
You block the two-headed ogre's attack. x2
You hit the two-headed ogre.
The two-headed ogre is heavily wounded.
You hit the two-headed ogre.
The two-headed ogre is heavily wounded.
The two-headed ogre closely misses you.
The two-headed ogre hits you but does no damage.
You barely miss the two-headed ogre.
The two-headed ogre is heavily wounded.
The two-headed ogre hits you with a +0 giant club!
The two-headed ogre hits you with a +0 giant spiked club.
You are too injured to fight recklessly!
You are too injured to fight recklessly!
You are too injured to fight recklessly!
You are too injured to fight recklessly!
You are too injured to fight recklessly!
You are too injured to fight recklessly!
You are too injured to fight recklessly!
You are too injured to fight recklessly!
You are too injured to fight recklessly!
You are too injured to fight recklessly!
You are too injured to fight recklessly!
You are too injured to fight recklessly!
You are too injured to fight recklessly!
The two-headed ogre attacks as it pursues you!
The two-headed ogre hits you with a +0 giant club!!
* * * LOW HITPOINT WARNING * * *
You block the two-headed ogre's attack.
Unknown command.
Unknown command.
Okay, then.
The two-headed ogre attacks as it pursues you!
The two-headed ogre hits you with a +0 giant club!
You die...

.#
.........##.#
.........##.#
..........##.#
........#..#.#
.......#.##.#
..##.....##.#
####..##.#
#..##.#
#..##@#
#..##O####
#........#
#....###.#
####.....#
#######


You could see a two-headed ogre.

Vanquished Creatures
  A vampire (D:6)
  Sigmund (D:4)
  2 wraiths (Ossuary)
  A phantom (D:6)
  3 scorpions
  2 wights (Ossuary)
  A jelly (D:5)
  2 gnoll boudas (D:5)
  A hound (D:6)
  A human zombie (D:4)
  2 orc priests (D:5)
  2 iguanas
  Ijyb (D:4)
  4 orc wizards
  6 adders
  8 gnolls (D:5)
  A shadow imp (D:6)
  2 white imps (D:6)
  An adder zombie (Ossuary)
  A worm (D:3)
  2 dart slugs
  5 orcs
  7 ball pythons
  2 bats (D:1)
  8 endoplasms
  3 giant cockroaches
  8 goblins
  4 hobgoblins
  6 kobolds
  A quokka (D:4)
  4 ball python skeletons (Ossuary)
  4 frilled lizards
  A goblin zombie (D:4)
  2 hobgoblin skeletons (Ossuary)
  A kobold zombie (Ossuary)
  2 orc skeletons (Ossuary)
  A rat (D:3)
  A rat zombie (D:4)
105 creatures vanquished.

Notes
Turn   | Place    | Note
-------+----------+-------------------------------------------
     0 | D:1      | sammy202020 the Gargoyle Berserker began the quest for the
                  | Orb.
     0 | D:1      | Reached XP level 1. HP: 14/14 MP: 1/1
   170 | D:1      | Reached XP level 2. HP: 7/19 MP: 2/2
   664 | D:2      | Reached XP level 3. HP: 21/24 MP: 3/3
  1602 | D:3      | Reached ** piety under Trog
  1662 | D:3      | Reached XP level 4. HP: 7/29 MP: 4/4
  1690 | D:3      | Reached skill level 4 in Fighting
  2207 | D:4      | Noticed Sigmund
  2227 | D:4      | Killed Sigmund
  2228 | D:4      | Reached skill level 1 in Shields
  2228 | D:4      | Reached XP level 5. HP: 30/34 MP: 5/5
  2238 | D:4      | Reached XP level 6. HP: 37/39 MP: 6/6
  2258 | D:4      | Found a staircase to the Ecumenical Temple.
  2292 | D:4      | Noticed Ijyb
  2308 | D:4      | Killed Ijyb
  2535 | D:4      | Found a sand-covered staircase.
  2556 | Ossuary  | Entered an ossuary
  2731 | Ossuary  | Noticed a wraith
  2731 | Ossuary  | Noticed a flying skull
  2740 | Ossuary  | Noticed a flying skull
  2742 | Ossuary  | Noticed a flying skull
  2749 | Ossuary  | Noticed a flying skull
  2784 | Ossuary  | Reached skill level 5 in Fighting
  2798 | Ossuary  | Noticed a wraith
  2806 | Ossuary  | Killed a wraith
  2807 | Ossuary  | Reached XP level 7. HP: 28/44 MP: 7/7
  2874 | Ossuary  | Noticed a wraith
  2893 | Ossuary  | Killed a wraith
  2894 | Ossuary  | Reached skill level 5 in Maces & Flails
  3637 | Ossuary  | Noticed a flying skull
  3646 | Ossuary  | Reached skill level 5 in Armour
  4004 | D:5      | Entered Level 5 of the Dungeon
  4084 | D:5      | Reached skill level 6 in Fighting
  4242 | D:5      | Reached XP level 8. HP: 44/51 MP: 8/8
  4904 | D:6      | Identified the +6 short sword of the Boar {speed, rPois
                  | rCorr MP+9 Dex+5}
  4999 | D:6      | Noticed a vampire
  5045 | D:6      | Killed a vampire
  5046 | D:6      | Reached skill level 7 in Fighting
  5117 | D:6      | Noticed a two-headed ogre
  5129 | D:6      | HP: 1/53 [two-headed ogre/+0 giant club (21)]
  5131 | D:6      | Mangled by a two-headed ogre

Illustrated notes

Levels and vault maps discovered:
D:1:      ncdulo_lavacross, layout_rooms, minmay_misc_feat_encased
D:2:      layout_basic
D:3:      layout_basic, serial_bayou_lake_a
D:4:      layout_basic, temple_pool_b, enter_ossuary_3, uniq_ijyb, uniq_sigmund
D:5:      layout_loops_ring
D:6:      layout_cave_pools, gammafunk_ghost_nasty_kobolds, serial_shops, shop,
          glass_columns_b, minmay_manual_monolith

Skill      XL: |  1  2  3  4  5  6  7  8 |
---------------+-------------------------+-----
Dodging        | 2 |  2.3
Armour         | 3 4 5 6 |  6.4
Fighting       | 4 5 6 7 |  7.0
Maces & Flails | 4 5 6 |  6.3
Shields        | 1 2 3 4 |  4.2

Action                     |  1- 3 |  4- 6 |  7- 9 || total
---------------------------+-------+-------+-------++-------
  Melee: Mace              |   100 |   100 |    53 ||   253
         Morningstar       |       |     8 |    26 ||    34
         Flail             |       |       |   174 ||   174
 Invoke: Berserk           |     2 |     2 |     2 ||     6
         Trog's Hand       |     1 |     1 |     3 ||     5
    Use: Scroll            |       |    11 |     2 ||    13
         Potion            |       |       |     1 ||     1
   Stab: Invisible         |       |       |     3 ||     3
 Armour: Animal skin       |    25 |       |       ||    25
         Leather armour    |    70 |     8 |       ||    78
         Chain mail        |       |    90 |   348 ||   438
  Dodge: Dodged            |    79 |    34 |    67 ||   180
  Block: Tower shield      |       |    56 |    93 ||   149
         Buckler           |       |       |    30 ||    30

Table legend: (Time is in decaauts)
 A = Elapsed time spent in this place.
 B = Non-inter-level travel time spent in this place.
 C = Inter-level travel time spent in this place.
 D = Time resting spent in this place.
 E = Time spent auto-exploring this place.
 F = Levels seen in this place.
 G = Mean time per level.
                   A        B        C        D        E       F      G
               +--------+--------+--------+--------+--------+-----+--------+
         Total |   5388 |   5357 |     31 |    821 |   3176 |   7 |  769.7 |
       Dungeon |   4116 |   4085 |     31 |     75 |   2879 |   6 |  686.0 |
       Ossuary |   1271 |   1271 |      0 |    746 |    296 |   1 | 1271.0 |
               +--------+--------+--------+--------+--------+-----+--------+

Top non-repeatable levels by time:
 Ossuary: 1271 daAuts
     D:2: 899 daAuts
     D:5: 898 daAuts
     D:3: 783 daAuts
     D:4: 639 daAuts
     D:1: 601 daAuts
     D:6: 294 daAuts
